 Dungeon Crawl Stone Soup version 0.14.1-26-g5a19342 (webtiles) character file.

338 MRaven the Magician (level 5, -1/35 HPs)
             Began as a Demonspawn Wizard on July 22, 2014.
             Slain by an iguana (14 damage)
             ... on Level 3 of the Dungeon.
             The game lasted 00:25:25 (3767 turns).

MRaven the Magician (Demonspawn Wizard)             Turns: 3767, Time: 00:25:25

HP  -1/35        AC  5     Str  7      XL: 5   Next: 76%
MP   2/13        EV 12     Int 21      God:
Gold 103         SH  0     Dex 11      Spells:  5 memorised,  3 levels left

rFire  . . .     SeeInvis .     l - +2 mace (drain)
rCold  . . .     Clarity  .     k - +0 robe
rNeg   . . .     Conserve .     (no shield)
rPois  .         rCorr    .     b - +1 hat
rElec  .         rRot     .     (no cloak)
SustAb . .       Spirit   .     (no gloves)
rMut   .         Warding  .     (no boots)
Saprov . . .     Stasis   .     (no amulet)
MR     .....                    (no ring)
                                (no ring)

@: very slightly contaminated, not resistant to hostile enchantments, unstealthy
A: yellow scales 1, spiny 1
a: no special abilities


You were on level 3 of the Dungeon.
You were not hungry.

You visited 1 branch of the dungeon, and saw 3 of its levels.

You collected 103 gold pieces.

Inventory:

Hand weapons
 l - a +2,+2 mace of draining (weapon)
 q - a cursed -1,-3 flail
Missiles
 r - 14 tomahawks (quivered)
 t - 3 steel tomahawks
Armour
 b - a +1 hat (worn)
 k - a +0 robe (worn)
Magical devices
 x - a wand of slowing (10)
Comestibles
 a - 2 apples
 d - 4 bread rations
 g - a rotting chunk of orc flesh
 m - 3 meat rations
 o - 3 pears
 v - a choko
Scrolls
 e - 2 scrolls of teleportation
 i - a scroll of remove curse
 j - 2 scrolls of identify
 u - a scroll of enchant armour
Jewellery
 y - an uncursed ring of teleportation
Potions
 f - a potion of restore abilities
 h - 2 potions of curing
 n - a potion of heal wounds {unknown}
 s - a potion of poison
 w - a potion of beneficial mutation {unknown}
Books
 c - a book of Minor Magic

   Spells                             Type                      Level
   *Magic Dart                        Conjuration                  1
   *Blink                             Translocation                2
   *Call Imp                          Summoning                    2
   Repel Missiles                     Charms/Air                   2
   *Slow                              Hexes                        2
   Conjure Flame                      Conjuration/Fire             3
   *Mephitic Cloud                    Conjuration/Poison/Air       3


   Skills:
 - Level 1.7 Dodging
 - Level 1.7 Stealth
 + Level 4.6 Spellcasting
 + Level 4.2 Conjurations
 - Level 1.0 Summonings
 - Level 0.8 Translocations


You had 3 spell levels left.
You knew the following spells:

 Your Spells              Type           Power        Failure   Level  Hunger
a - Magic Dart            Conj           ###.         1%          1    None
b - Blink                 Tloc           N/A          12%         2    None
c - Call Imp              Summ           #.......     12%         2    None
d - Slow                  Hex            #.......     17%         2    None
e - Mephitic Cloud        Conj/Pois/Air  ##......     21%         3    ###....


Dungeon Overview and Level Annotations

Branches:
Dungeon (3/15)

Altars:
Cheibriados
Sif Muna


Innate Abilities, Weirdness & Mutations

You are partially covered in yellow scales (AC +2).
You are partially covered in sharp spines.


Message History

Press: ? - help, Shift-Dir - straight line, f/p - iguana
Aim: an iguana (heavily wounded)
The magic dart hits the iguana.
The iguana is heavily wounded.
The iguana hisses menacingly.
The iguana bites you but does no damage.
Casting: Magic Dart
Confirm with . or Enter, or press ? or * to list all spells.
Aiming: Magic Dart
Press: ? - help, Shift-Dir - straight line, f/p - iguana
Aim: an iguana (heavily wounded)
The magic dart hits the iguana.
The iguana is severely wounded.
The iguana barely misses you.
You barely miss the iguana.
The iguana is severely wounded.
The iguana bites you. The iguana bites you!
Unknown command.
The iguana bites you!
You die...

#######.## #.# ###...#
#.### #...### #...#
###.###### #########'##
#........# #..........###
#........# #..........'.#
#........#####..........#..
#.....!..#...'..........###
#........l@###..>.......#
#........### #..<......>#
##.####### #..(.......#
#..# #########'## ##.##
#.)..# #..## ##'#### #
##..## #.....# # ##..#
#.....# # ###'###
#.....####


You could see an iguana.

Vanquished Creatures
  An orc priest (D:3)
  Natasha (twice) (D:3)
  Ijyb (D:2)
  8 adders
  A giant mite (D:3)
  A worm (D:3)
  Terence (D:2)
  3 giant geckos
  An ooze (D:2)
  4 orcs (D:3)
  2 ball pythons
  6 bats
  6 giant cockroaches
  8 hobgoblins
  11 kobolds
  4 giant newts
  5 goblins
  3 jackals (D:3)
  2 quokkas (D:3)
  8 rats
78 creatures vanquished.

Notes
Turn   | Place    | Note
--------------------------------------------------------------
     0 | D:1      | MRaven, the Demonspawn Wizard, began the quest for the Orb.
     0 | D:1      | Reached XP level 1. HP: 13/13 MP: 4/4
   838 | D:1      | Gained mutation: You are partially covered in sharp spines. [demonic ancestry]
   838 | D:1      | Reached XP level 2. HP: 19/19 MP: 0/6
  1301 | D:2      | Noticed Ijyb
  1335 | D:2      | Killed Ijyb
  1335 | D:2      | Reached XP level 3. HP: 16/24 MP: 0/8
  1777 | D:2      | Reached XP level 4. HP: 21/30 MP: 8/10
  1947 | D:2      | Learned a level 2 spell: Blink
  1950 | D:2      | Learned a level 2 spell: Call Imp
  1953 | D:2      | Learned a level 2 spell: Slow
  1957 | D:2      | Learned a level 3 spell: Mephitic Cloud
  2049 | D:2      | Noticed Terence
  2065 | D:2      | Killed Terence
  2364 | D:2      | Found a deep blue altar of Sif Muna.
  2509 | D:2      | Gained mutation: Your muscles are strong. (Str +2) [potion of mutation]
  2509 | D:2      | Gained mutation: Your magical capacity is low (-10% MP). [potion of mutation]
  2510 | D:2      | Lost mutation: Your muscles are strong. (Str +2) [potion of cure mutation]
  2510 | D:2      | Lost mutation: Your magical capacity is low (-10% MP). [potion of cure mutation]
  2644 | D:3      | Reached skill level 4 in Spellcasting
  2849 | D:3      | Gained mutation: You are partially covered in yellow scales (AC +2). [demonic ancestry]
  2849 | D:3      | Reached XP level 5. HP: 35/35 MP: 11/13
  3326 | D:3      | Noticed Natasha
  3330 | D:3      | Killed Natasha
  3400 | D:3      | Noticed Natasha
  3402 | D:3      | Killed Natasha
  3473 | D:3      | Found a snail-covered altar of Cheibriados.
  3767 | D:3      | Slain by an iguana

Action                   |  1- 3 |  4- 6 || total
-------------------------+-------+-------++-------
Melee: Mace              |    26 |    48 ||    74
Throw: Tomahawk          |     3 |     1 ||     4
 Cast: Magic Dart        |    50 |   100 ||   150
       Slow              |       |     5 ||     5
       Mephitic Cloud    |       |     6 ||     6
  Use: Scroll            |       |     8 ||     8
       Potion            |       |     2 ||     2
